 Dungeon Crawl Stone Soup version 0.28.0-62-gf88900778d (webtiles) character file.

Game seed: 16385826386628917425

19577 cbfl8 the Severer (level 12, -2/106 HPs)
             Began as a Minotaur Fighter on Sept 12, 2023.
             Was a High Priest of Elyvilon.
             Slain by a skeletal warrior
             ... wielding a +0 glaive
             ... led by a death knight
              (7 damage)
             ... on level 12 of the Dungeon.
             The game lasted 00:16:16 (15059 turns).

cbfl8 the Severer (Minotaur Fighter)               Turns: 15059, Time: 00:16:16

Health: -2/106     AC: 18    Str: 31    XL:     12   Next: 37%
Magic:  12/12      EV: 10    Int:  5    God:    Elyvilon [*****.]
Gold:   1726       SH: 16    Dex: 19    Spells: 11/11 levels left

rFire   . . .      SeeInvis .   g - +2 broad axe (elec)
rCold   . . .      Faith    .   s - +0 kite shield
rNeg    . . .      Spirit   .   w - +0 chain mail
rPois   .          Reflect  .   (helmet unavailable)
rElec   +          Harm     .   f - +0 cloak
rCorr   .          Rampage  .   v - +0 pair of gloves
Will    .....      Rage     1%  e - +0 pair of boots
Stlth   .......... Rnd*Tele +   (no amulet)
HPRegen 0.27/turn               F - +6 ring of strength
MPRegen 0.13/turn               k - +6 ring of dexterity

@: no status effects
A: horns 3, retaliatory headbutt, iridescent scales 1, large bone plates 1,
berserk 1, sense surroundings 1, electricity resistance, strong 1, teleportitis
1
a: Renounce Religion, Purification, Heal Other, Heal Self, Divine Vigour


You were on level 12 of the Dungeon.
You worshipped Elyvilon.
Elyvilon was extremely pleased with you.
You visited 2 branches of the dungeon, and saw 13 of its levels.

You collected 2907 gold pieces.
You spent 1181 gold pieces at shops.

Inventory:

Hand Weapons
 g - a +2 broad axe of electrocution (weapon)
Armour
 e - a +0 pair of boots (worn)
 f - a +0 cloak (worn)
 s - a +0 kite shield (worn)
 v - a +0 pair of gloves (worn)
 w - a +0 chain mail (worn)
Jewellery
 j - a ring of ice
 k - a +6 ring of dexterity (right hand)
 F - a +6 ring of strength (left hand)
Wands
 c - a wand of polymorph (7)
 h - a wand of charming (5)
Scrolls
 a - 3 scrolls of identify
 n - a scroll of magic mapping
 r - a scroll of teleportation
 y - a scroll of enchant armour
 D - a scroll of silence
 E - 4 scrolls of brand weapon
Potions
 d - a potion of might
 l - 2 potions of resistance
 m - a potion of haste
 t - a potion of lignification
 z - 2 potions of flight
 B - 3 potions of ambrosia


   Skills:
 + Level 10.0 Fighting
 + Level 15.8 Axes
 + Level 12.0 Armour
 - Level 4.4 Dodging
 - Level 1.7 Stealth
 + Level 9.9 Shields
 + Level 1.4 Invocations
 * Level 3.6 Evocations


You had 11 spell levels left.
You didn't know any spells.
Your spell library contained the following spells:

 Spells                   Type           Power      Damage    Failure   Level
 Sting                    Tmut/Pois      0%         1d3       99%         1
 Ensorcelled Hibernation  Hex/Ice        0%         N/A       99%         2
 Poisonous Vapours        Pois/Air       0%         N/A       99%         2
 Static Discharge         Conj/Air       0%         N/A       99%         2
 Spider Form              Tmut/Pois      0%         N/A       100%        3
 Anguish                  Hex/Necr       0%         N/A       100%        4
 Animate Dead             Necr           0%         N/A       100%        4
 Dispel Undead            Necr           0%         3d6       100%        4
 Olgreb's Toxic Radiance  Pois           0%         N/A       100%        4
 Sticky Flame             Conj/Fire      0%         2d3       100%        4
 Haunt                    Necr/Summ      0%         N/A       100%        7
 Infestation              Necr           0%         N/A       100%        8
 Chain Lightning          Conj/Air       0%         N/A       100%        9
 Fire Storm               Conj/Fire      0%         5d1       100%        9
 Shatter                  Erth           0%         3d5*      100%        9


Dungeon Overview and Level Annotations

Branches:
Dungeon (12/15)            Temple (1/1) D:4            Lair (0/6) D:10
    Orc (0/2) D:11

Altars:
Elyvilon
Hepliaklqana
Kikubaaqudgha
Makhleb
Qazlal
Trog
Uskayaw
Wu Jian
Yredelemnul
Zin
The Shining One
Beogh

Shops:
D:5 :   D:8 ?   D:9 !

Annotations:
D:5 2 transporters


Innate Abilities, Weirdness & Mutations

You have a pair of large horns on your head.
You reflexively headbutt those who attack you in melee.
You are partially covered in iridescent scales. (AC +2)
You are partially covered in large bone plates. (SH +4)
You tend to lose your temper in combat.
You passively map a small area around you.
You are resistant to electric shocks. (rElec)
Your muscles are strong. (Str +2)
You are occasionally teleported next to monsters.


Message History

The death knight is severely wounded.
You block the skeletal warrior's attack.
The helpless death knight fails to defend itself.
You hit the death knight.
The death knight is severely wounded.
You block the skeletal warrior's attack.
The helpless death knight fails to defend itself.
You hit the death knight. You headbutt the death knight!
You kill the death knight!
The skeletal warrior is no longer dazed.
The skeletal warrior hits you from afar with a +0 glaive!!
Elyvilon protects you from harm!
Your Fighting skill increases to level 10!
Your Armour skill increases to level 12!
You slash the freezing wraith!
The freezing wraith is moderately damaged.
You block the freezing wraith's attack. The freezing wraith barely misses you.
You block the skeletal warrior's attack.
You slash the freezing wraith!
Lightning courses through the freezing wraith!!
The freezing wraith is severely damaged.
You block the freezing wraith's attack.
The freezing wraith hits you but does no damage.
You slash the freezing wraith!
You destroy the freezing wraith!
You block the skeletal warrior's attack.
You block the skeletal warrior's attack.
Things that are here:
a +0 glaive; a +2 chain mail of cold resistance You hit the skeletal warrior.
You headbutt the skeletal warrior.
The skeletal warrior is heavily damaged.
The skeletal warrior hits you but does no damage.
You slash the skeletal warrior!
The skeletal warrior is severely damaged.
The skeletal warrior hits you with a +0 glaive!
* * * LOW HITPOINT WARNING * * *
You hit the skeletal warrior but do no damage.
The skeletal warrior is severely damaged.
The skeletal warrior hits you with a +0 glaive!
You die...

#...# #......#
###.######......#
#######......'......#
.........#####......#
#######..# #......#
##.# #......# #.#
#......# #.# #..z...#
#.# ###@#### #.#
##...#####
#######'####........#
....................#
...........#........#
..........##........#
..........##........#
..........##........#
..........##........#


You could see a skeletal warrior.

Vanquished Creatures
  An ettin (D:11)
  Erica (D:9)
  A centaur warrior (D:12)
  A death knight (D:12)
  2 two-headed ogres
  Pikel (D:6)
  A phantasmal warrior (D:12)
  An orc knight (D:10)
  A manticore (D:11)
  2 unseen horrors
  Psyche (D:9)
  2 gargoyles (D:11)
  A freezing wraith (D:12)
  A komodo dragon (D:11)
  2 trolls
  A polar bear (D:9)
  8 slime creatures (D:12)
  13 yaks
  Sigmund (D:2)
  A shadow (D:10)
  3 wyverns (D:10)
  A vampire (D:12)
  3 basilisks
  Grum (D:9)
  Eustachio (D:6)
  2 acid dragons
  4 water moccasins
  A hornet zombie (D:5)
  5 ice beasts
  9 orc warriors
  3 sky beasts
  2 black bears
  10 centaurs
  4 wolves (D:9)
  A phantom (D:5)
  4 lemures
  A bullfrog (D:7)
  A gnoll sergeant (D:8)
  A wyvern zombie (D:8)
  4 scorpions
  A water moccasin skeleton (D:6)
  8 killer bees
  4 wights (D:10)
  3 howler monkeys
  2 electric eels (D:9)
  A bullfrog zombie (D:6)
  5 centaur zombies
  10 orc priests
  5 hounds
  Crazy Yiuf (D:2)
  A centaur skeleton (D:7)
  A jelly (D:6)
  3 bullfrog skeletons (D:6)
  Natasha (thrice) (D:3)
  An iguana (D:6)
  6 orc wizards
  2 centaur simulacra (D:9)
  A hound skeleton (D:4)
  A howler monkey zombie (D:7)
  7 gnolls
  4 adders
  3 white imps
  A howler monkey simulacrum (D:9)
  3 ufetubi
  A dart slug (D:2)
  45 orcs
  4 bats
  6 endoplasms
  4 giant cockroaches
  8 goblins
  7 hobgoblins
  4 jackals (D:4)
  4 quokkas
  7 ball pythons
  9 frilled lizards
  12 kobolds
  2 rats
294 creatures vanquished.

Vanquished Creatures (others)
  2 white imps (D:9)
  A bush (D:11)
  2 fungi (D:10)
  17 plants
22 creatures vanquished.

Grand Total: 316 creatures vanquished

Notes
Turn   | Place    | Note
-------+----------+-------------------------------------------
     0 | D:1      | cbfl8 the Minotaur Fighter began the quest for the Orb.
     0 | D:1      | Reached XP level 1. HP: 19/19 MP: 0/0
   247 | D:1      | Reached XP level 2. HP: 27/27 MP: 1/1
   496 | D:1      | Reached skill level 3 in Axes
   496 | D:1      | Reached XP level 3. HP: 25/33 MP: 2/2
  1211 | D:2      | Gained mutation: You are partially covered in large bone
                  | plates. (SH +4) [potion of mutation]
  1211 | D:2      | Gained mutation: Armour fits poorly on your strangely
                  | shaped body. [potion of mutation]
  1211 | D:2      | Gained mutation: You have hidden genetic defects. [potion
                  | of mutation]
  1211 | D:2      | Gained mutation: You have a pair of large horns on your
                  | head. [potion of mutation]
  1486 | D:2      | Found a runed translucent door.
  1487 | D:2      | Noticed Crazy Yiuf
  1578 | D:2      | Noticed Sigmund
  1586 | D:2      | Killed Sigmund
  1587 | D:2      | Reached skill level 5 in Axes
  1587 | D:2      | Reached skill level 1 in Dodging
  1587 | D:2      | Reached XP level 4. HP: 35/41 MP: 3/3
  1587 | D:2      | Reached XP level 5. HP: 40/47 MP: 4/4
  1589 | D:2      | Gained mutation: You are occasionally teleported next to
                  | monsters. [hidden defects]
  1770 | D:2      | Lost mutation: Armour fits poorly on your strangely shaped
                  | body. [potion of mutation]
  1770 | D:2      | Lost mutation: You have a pair of large horns on your head.
                  | [potion of mutation]
  1770 | D:2      | Gained mutation: You are sometimes teleported next to
                  | monsters. [potion of mutation]
  1770 | D:2      | Gained mutation: You have sharp fingernails. [potion of
                  | mutation]
  1770 | D:2      | Gained mutation: Your spells are a little harder to cast,
                  | but a little more powerful. [potion of mutation]
  1770 | D:2      | Gained mutation: You passively map a small area around you.
                  | [potion of mutation]
  1774 | D:2      | Killed Crazy Yiuf
  1973 | D:3      | You fall into a shaft and drop 1 floor!
  2086 | D:4      | Reached XP level 6. HP: 55/55 MP: 5/5
  2104 | D:4      | Gained mutation: You do not regenerate when monsters are
                  | visible. [hidden defects]
  2104 | D:4      | Lost mutation: You have hidden genetic defects. [hidden
                  | defects expressed]
  2249 | D:4      | Reached skill level 6 in Axes
  2253 | D:4      | Reached skill level 5 in Fighting
  2253 | D:4      | Reached skill level 5 in Armour
  2587 | D:4      | Found a staircase to the Ecumenical Temple.
  2596 | Temple   | Entered the Ecumenical Temple
  2689 | Temple   | Became a worshipper of Elyvilon the Healer
  2881 | D:3      | Noticed Natasha
  2894 | D:3      | Killed Natasha
  3002 | D:3      | Reached * piety under Elyvilon
  3107 | D:3      | Noticed Natasha
  3110 | D:3      | Reached XP level 7. HP: 49/61 MP: 6/6
  3133 | D:3      | Killed Natasha
  3393 | D:3      | Noticed Natasha
  3405 | D:3      | Killed Natasha
  3406 | D:3      | Reached skill level 7 in Axes
  4209 | D:5      | Entered Level 5 of the Dungeon
  4267 | D:5      | Found Ackyc's Book Shoppe.
  4397 | D:5      | Found a transporter.
  4398 | D:5      | Found a transporter.
  4624 | D:5      | Reached skill level 8 in Axes
  4722 | D:5      | Identified the +0 ring mail of Foolhardiness {rCorr Dex+7}
  4824 | D:5      | Reached ** piety under Elyvilon
  4858 | D:5      | Reached XP level 8. HP: 41/69 MP: 7/7
  5707 | D:6      | Reached skill level 5 in Shields
  5765 | D:6      | Reached skill level 1 in Stealth
  5765 | D:6      | Identified the ring of the Sunfish {rN+ Will- Dex+7}
  5771 | D:6      | Noticed Eustachio
  5785 | D:6      | Killed Eustachio
  5786 | D:6      | Reached skill level 9 in Axes
  6320 | D:6      | Reached XP level 9. HP: 77/77 MP: 8/8
  6385 | D:6      | Reached skill level 10 in Axes
  6463 | D:6      | Identified 2 scrolls of acquirement
  6463 | D:6      | Acquired a +2 broad axe of electrocution
  6466 | D:6      | Acquired 1297 gold pieces
  6538 | D:7      | Noticed Pikel
  6776 | D:6      | Killed Pikel
  7622 | D:6      | Lost mutation: You are sometimes teleported next to
                  | monsters. [potion of mutation]
  7622 | D:6      | Lost mutation: You have sharp fingernails. [potion of
                  | mutation]
  7622 | D:6      | Gained mutation: You are resistant to electric shocks.
                  | (rElec) [potion of mutation]
  7622 | D:6      | Gained mutation: You have a pair of large horns on your
                  | head. [potion of mutation]
  7622 | D:6      | Gained mutation: Your spells are harder to cast, but more
                  | powerful. [potion of mutation]
  7813 | D:7      | Reached *** piety under Elyvilon
  8059 | D:8      | Found Paawy's Magic Scroll Shoppe.
  8078 | D:8      | Bought a scroll of acquirement for 676 gold pieces
  8078 | D:8      | Bought a scroll of teleportation for 39 gold pieces
  8078 | D:8      | Bought a scroll of teleportation for 39 gold pieces
  8078 | D:8      | Bought a scroll of blinking for 97 gold pieces
  8078 | D:8      | Acquired 930 gold pieces
  8080 | D:8      | Bought a scroll of identify for 26 gold pieces
  8080 | D:8      | Bought a scroll of identify for 26 gold pieces
  8080 | D:8      | Bought a scroll of identify for 26 gold pieces
  8101 | D:8      | Reached skill level 11 in Axes
  8274 | D:8      | Found a hide-covered altar of Uskayaw.
  8404 | D:8      | Found a bloodstained altar of Trog.
  8553 | D:8      | Reached XP level 10. HP: 86/86 MP: 9/9
  8558 | D:8      | Reached skill level 12 in Axes
  8645 | D:9      | Noticed Grum
  8645 | D:9      | Found Borua's Distillery.
  9169 | D:9      | Bought a potion of heal wounds for 70 gold pieces
  9169 | D:9      | Bought a potion of heal wounds for 70 gold pieces
  9169 | D:9      | Bought a potion of mutation for 112 gold pieces
  9169 | D:9      | Lost mutation: You do not regenerate when monsters are
                  | visible. [potion of mutation]
  9169 | D:9      | Lost mutation: Your spells are harder to cast, but more
                  | powerful. [potion of mutation]
  9169 | D:9      | Gained mutation: You have sharp fingernails. [potion of
                  | mutation]
  9169 | D:9      | Gained mutation: Your muscles are strong. (Str +2) [potion
                  | of mutation]
  9169 | D:9      | Gained mutation: You tend to lose your temper in combat.
                  | [potion of mutation]
  9169 | D:9      | Gained mutation: Your flesh is cold resistant. (rC+)
                  | [potion of mutation]
  9175 | D:9      | Noticed Psyche
  9182 | D:9      | Killed Psyche
  9237 | D:9      | Killed Grum
  9238 | D:9      | Reached skill level 13 in Axes
  9290 | D:9      | Noticed a two-headed ogre
  9302 | D:9      | Killed a two-headed ogre
  9401 | D:9      | Noticed Erica
  9586 | D:9      | Reached **** piety under Elyvilon
  9766 | D:9      | Reached skill level 10 in Armour
  9883 | D:9      | Killed Erica
 10306 | D:10     | Entered Level 10 of the Dungeon
 10326 | D:10     | Reached skill level 14 in Axes
 10328 | D:10     | Reached XP level 11. HP: 94/94 MP: 10/10
 10408 | D:10     | Found a staircase to the Lair.
 10961 | D:10     | Reached ***** piety under Elyvilon
 11933 | D:11     | Noticed an orc knight
 12511 | D:11     | Found a staircase to the Orcish Mines.
 12856 | D:10     | Killed an orc knight
 12870 | D:11     | Reached skill level 1 in Evocations
 12975 | D:11     | Reached skill level 15 in Axes
 13242 | D:11     | Lost mutation: Your flesh is cold resistant. (rC+) [potion
                  | of mutation]
 13242 | D:11     | Lost mutation: You have sharp fingernails. [potion of
                  | mutation]
 13242 | D:11     | Lost mutation: Your spells are a little harder to cast, but
                  | a little more powerful. [potion of mutation]
 13242 | D:11     | Gained mutation: You are partially covered in iridescent
                  | scales. (AC +2) [potion of mutation]
 13289 | D:12     | Noticed a two-headed ogre
 13293 | D:12     | Killed a two-headed ogre
 13294 | D:12     | Reached skill level 1 in Invocations
 13338 | D:12     | Noticed a centaur warrior
 13348 | D:12     | Killed a centaur warrior
 13381 | D:12     | Noticed a five-headed hydra
 13908 | D:11     | Noticed an ettin
 13908 | D:11     | a five-headed hydra changed into an ettin
 13913 | D:11     | Killed an ettin
 13914 | D:11     | Reached XP level 12. HP: 105/105 MP: 11/11
 14080 | D:12     | Noticed a death knight
 14087 | D:12     | HP: 4/105 [skeletal warrior/+0 glaive[a death knight] (14)]
 14120 | D:12     | HP: 4/105 [centaur/arrow (6)]
 14737 | D:12     | Identified the +4 spear of Gallantry {vorpal, rCorr Int+4}
 15052 | D:12     | Killed a death knight
 15052 | D:12     | Elyvilon protects you from harm!
 15053 | D:12     | Reached skill level 10 in Fighting
 15058 | D:12     | HP: 5/106 [skeletal warrior/+0 glaive[a death knight] (12)]
 15059 | D:12     | Slain by a skeletal warrior

Illustrated notes

Levels and vault maps discovered:
D:1:      dpeg_arrival_long_road, layout_basic, st_stairs_2
D:2:      layout_basic, minmay_split_cup_small, uniq_crazy_yiuf_cottage,
          uniq_sigmund
D:3:      layout_loops_cross, uniq_natasha
D:4:      mumra_celtic_spiral_tile, layout_loops_cross,
          lemuel_temple_firewalk_b, amcnicky_mini_pool_small
D:5:      layout_loops_ring, gammafunk_ghost_gnarly_gnolls, serial_shops,
          nicolae_shop_waterfront
D:6:      layout_loops_ring, moated_statue, uniq_eustachio
D:7:      layout_cave_pools, nicolae_overflow_hidden_temple, uniq_pikel
D:8:      layout_basic, lemuel_tele_altar, pf_just_have_faith, serial_shops,
          shop
D:9:      layout_irregular_city, serial_ice, serial_ice_k, serial_ice_n,
          serial_ice_g, serial_ice_m, serial_shops, shop, uniq_psyche,
          uniq_grum, uniq_erica
D:10:     layout_long_grid, minmay_lair_entry_grove, skrybe_limestone_x
D:11:     layout_loops_ring, david_orc_5, kb_lookout_dungeons_type,
          minivault_21, kennysheep_cross_room, bh_walls_and_bars
D:12:     layout_roguey
Temple:   dpeg_five_rooms_temple

Skill      XL: |  1  2  3  4  5  6  7  8  9 10 11 12 |
---------------+-------------------------------------+-----
Fighting       | 4 5 6 7 8 9 10 | 10.0
Axes           | 3 5 6 8 9 11 14 15 | 15.8
Armour         | 4 5 6 7 9 10 11 12 | 12.0
Dodging        | 1 2 3 4 |  4.4
Shields        | 4 5 6 7 9 |  9.9
Stealth        | 1 |  1.7
Evocations     | 2 3 |  3.6
Invocations    | 1 |  1.4

Action                   |  1- 3 |  4- 6 |  7- 9 | 10-12 || total
-------------------------+-------+-------+-------+-------++-------
Melee: War axe           |   101 |    74 |   206 |       ||   381
       Headbutt          |    10 |     9 |    45 |    84 ||   148
       Broad axe         |       |       |    79 |   307 ||   386
Invok: Purification      |       |       |     1 |     2 ||     3
       Heal Self         |       |       |       |     5 ||     5
Evoke: Wand              |       |       |       |    27 ||    27
  Use: Potion            |     5 |     1 |     5 |     8 ||    19
       Scroll            |     3 |       |    14 |    15 ||    32
 Stab: Invisible         |     1 |       |       |       ||     1
       Paralysed         |       |       |       |     4 ||     4
Armor: Scale mail        |    45 |    29 |    34 |       ||   108
       Chain mail        |       |       |    73 |   163 ||   236
Dodge: Dodged            |    50 |    28 |    98 |    97 ||   273
Block: Buckler           |    26 |    29 |   131 |    35 ||   221
       Kite shield       |       |       |       |   285 ||   285
